Map: Tuonela LE

Players

MarcoMan - Winner!

  • Race: Protoss Protoss
  • League: Master
  • Spawn Location: 6:00

SprCommander - Winner!

  • Race: Terran Terran
  • League: Platinum
  • Spawn Location: 5:00

DRSUESS - Winner!

  • Race: Protoss Protoss
  • Spawn Location: 3:00

RuffSecs - Winner!

  • Race: Terran Terran
  • Spawn Location: 5:00

Jamowamo

  • Race: Protoss Protoss
  • Spawn Location: 11:00

Devour

  • Race: Zerg Zerg
  • Spawn Location: 9:00

lolidragon

  • Race: Terran Terran
  • Spawn Location: 12:00

TheloneyPony

  • Race: Zerg Zerg
  • Spawn Location: 11:00

VOD

Have the link to the VOD?

Description

Time

  • Played on: Jan. 17, 2021, 11:40 p.m.
  • Length: 18:51
Show
View Real Time Build Order
Export as new Build Order

MarcoMan Protoss - Winner!

Build Orders: Oracle Opening, Carriers 

Get SALT Encoding   

  12  0:03  Probe  
  13  0:15  Probe  
  13  0:20  Pylon  
  14  0:27  Probe  
  15  0:39  Probe (Chrono Boost)  
  16  0:43  Gateway  
  17  0:51  Assimilator, Probe (Chrono Boost)  
  17  0:56  Probe (Chrono Boost)  
  17  1:00  Assimilator  
  18  1:05  Probe  
  19  1:17  Probe  
  20  1:29  Probe  
  20  1:31  Cybernetics Core  
  21  1:34  Forge  
  21  1:36  Zealot (Chrono Boost)  
  23  1:44  Pylon  
  23  2:02  Probe  
  24  2:15  Stargate  
  24  2:21  Photon Cannon  
  24  2:38  Nexus  
  24  2:52  Stargate  
  24  2:58  Oracle (Chrono Boost)  
  24  3:05  Probe  
  28  3:17  Probe  
  29  3:24  Assimilator  
  29  3:29  Probe (Chrono Boost)  
  31  3:41  Probe (Chrono Boost)  
  31  3:49  Probe (Chrono Boost)  
  31  3:50  Oracle  
  31  3:52  Oracle  
  38  3:58  Probe  
  38  4:01  Probe  
  40  4:10  Probe  
  40  4:11  Assimilator  
  40  4:13  Probe  
  42  4:17  Photon Cannon  
  42  4:22  Probe  
  43  4:29  Oracle  
  46  5:13  Pylon  
  46  5:17  Pylon  
  46  5:31  Probe x2 (Chrono Boost), Oracle x2  
  54  5:37  Nexus  
  54  5:40  Probe x2 (Chrono Boost)  
  54  5:41  Pylon  
  56  5:45  Probe  
  57  5:56  Probe  
  58  5:57  Probe  
  58  6:00  Pylon  
  58  6:04  Assimilator  
  59  6:06  Assimilator  
  59  6:08  Oracle  
  62  6:14  Photon Cannon  
  62  6:20  Probe x2  
  62  6:23  Photon Cannon  
  64  6:27  Photon Cannon  
  64  6:32  Probe x2  
  66  6:37  Pylon  
  66  6:40  Oracle  
  66  6:44  Probe x2  
  71  6:56  Probe  
  72  7:12  Probe x3  
  75  7:24  Probe x3  
  75  7:26  Photon Cannon  
  75  7:29  Stargate  
  78  7:31  Fleet Beacon  
  78  7:36  Probe x2  
  80  7:45  Phoenix x2, Photon Cannon  
  80  7:46  Shield Battery  
  80  7:49  Photon Cannon  
  84  7:56  Photon Cannon  
  84  7:57  Shield Battery  
  84  7:58  Pylon  
  84  7:59  Probe x2  
  98  8:26  Carrier x2 (Chrono Boost)  
  89  8:52  Carrier (Chrono Boost)  
  90  9:14  Probe  
  91  9:22  Pylon  
  97  9:25  Pylon  
  97  9:26  Pylon  
  97  9:37  Carrier (Chrono Boost)  
  103  9:42  Carrier (Chrono Boost)  
  109  9:49  Carrier (Chrono Boost)  
  109  10:02  Protoss Air Weapons Level 1 (Chrono Boost)  
  109  10:24  Carrier (Chrono Boost)  
  115  10:30  Carrier (Chrono Boost)  
  127  10:54  Carrier (Chrono Boost)  
  127  10:58  Nexus  
  127  11:23  Carrier  
  131  11:40  Protoss Shields Level 1, Pylon  
  131  11:41  Pylon  
  131  11:42  Pylon  
  131  11:44  Pylon  
  131  11:47  Pylon  
  131  11:50  Pylon  
  131  11:52  Pylon, Void Ray  
  131  11:58  Carrier  
  141  12:06  Protoss Air Weapons Level 2 (Chrono Boost)  
  141  12:21  Void Ray  
  145  12:35  Carrier  
  130  13:02  Carrier  
  130  13:04  Carrier  
  134  13:29  Assimilator  
  134  13:32  Assimilator  
  125  13:39  Carrier  
  131  14:02  Void Ray  
  123  14:06  Carrier  
  133  14:12  Stargate  
  133  14:14  Stargate  
  133  14:15  Stargate  
  109  14:39  Void Ray  
  109  14:44  Carrier (Chrono Boost)  
  119  14:53  Void Ray x2  
  119  14:58  Carrier (Chrono Boost)  
  139  15:18  Carrier (Chrono Boost)  
  139  15:22  Protoss Air Weapons Level 3 (Chrono Boost)  
  139  15:23  Void Ray (Chrono Boost)  
  139  15:27  Void Ray (Chrono Boost)  
  139  15:28  Void Ray (Chrono Boost)  
  143  15:39  Void Ray (Chrono Boost)  
  151  15:47  Nexus  
  151  15:49  Pylon  
  155  15:50  Pylon  
  155  15:53  Carrier  
  161  15:57  Void Ray  
  161  15:59  Carrier  
  171  16:05  Assimilator  
  171  16:07  Mothership (Chrono Boost)  
  171  16:08  Assimilator  
  171  16:09  Void Ray x2  
  179  16:44  Carrier  
  179  16:45  Void Ray  
  189  16:58  Void Ray  
  173  17:19  Photon Cannon  
  173  17:21  Photon Cannon  
  169  17:23  Photon Cannon  
  169  17:30  Void Ray  
  169  17:36  Carrier  
Show
View Real Time Build Order
Export as new Build Order

SprCommander Terran - Winner!

Build Orders:  

Get SALT Encoding   

  12  0:01  SCV  
  13  0:13  SCV  
  14  0:22  Supply Depot  
  14  0:25  SCV  
  15  0:40  Refinery  
  15  0:43  SCV  
  15  0:45  Barracks  
  16  0:55  SCV  
  17  1:08  SCV  
  18  1:20  SCV  
  19  1:32  SCV  
  20  1:34  Marine  
  21  1:44  Orbital Command  
  21  2:02  Command Center, Marine  
  22  2:11  Barracks, SCV  
  23  2:42  Supply Depot, Barracks Tech Lab  
  23  2:56  Command Center  
  23  2:59  Barracks Reactor  
  23  3:02  Factory  
  23  3:04  SCV  
  24  3:06  Marine  
  24  3:07  Refinery  
  25  3:16  SCV  
  26  3:20  Stimpack  
  26  3:26  Marine  
  27  3:28  SCV  
  28  3:34  Orbital Command  
  28  3:37  Marine  
  29  3:42  SCV  
  29  3:44  Marine  
  29  3:46  Refinery  
  31  3:52  Widow Mine  
  31  3:54  SCV  
  34  4:04  Starport  
  34  4:05  SCV  
  34  4:07  Marine  
  36  4:13  Orbital Command  
  36  4:20  Bunker  
  36  4:33  Barracks Reactor  
  36  4:34  Widow Mine  
  38  4:43  Medivac x2  
  42  4:47  SCV  
  42  4:49  Marine  
  44  4:53  SCV  
  45  5:03  Factory Reactor  
  45  5:05  SCV  
  46  5:07  Marine  
  46  5:09  SCV, Refinery  
  46  5:10  SCV  
  46  5:13  Medivac  
  51  5:17  SCV  
  52  5:25  Marine  
  52  5:26  SCV x2  
  55  5:29  SCV  
  56  5:38  SCV x2  
  56  5:42  SCV  
  59  5:47  Viking  
  59  5:49  Barracks  
  61  5:51  Factory Tech Lab  
  61  5:59  Supply Depot  
  61  6:00  Supply Depot  
  61  6:05  Supply Depot  
  61  6:07  Barracks  
  61  6:20  Liberator, SCV  
  61  6:21  SCV x2  
  67  6:33  SCV  
  68  7:09  Barracks Reactor, SCV x3  
  68  7:11  Liberator  
  68  7:12  Liberator, Barracks  
  77  7:22  Engineering Bay  
  77  7:26  Engineering Bay, Command Center  
  77  7:32  Armory  
  77  7:35  SCV x2  
  79  7:38  Refinery  
  79  7:39  Supply Depot, Refinery  
  79  7:43  Barracks  
  79  7:44  Starport  
  79  7:53  Fusion Core  
  79  7:54  Liberator, Marine x2  
  79  7:55  Marine  
  85  8:00  Liberator, Marine x2  
  85  8:01  Barracks Reactor  
  85  8:02  Barracks  
  90  8:09  Siege Tank  
  93  8:23  Barracks, Starport Tech Lab  
  93  8:24  Command Center  
  93  8:28  Supply Depot, Starport  
  93  8:29  Supply Depot  
  93  8:33  Supply Depot  
  93  8:37  Viking, Marine x4  
  99  8:42  SCV  
  99  8:43  Viking, Marine x3  
  99  8:44  Planetary Fortress  
  99  8:46  Terran Infantry Weapons Level 1  
  105  8:51  Terran Infantry Armor Level 1  
  105  8:54  SCV  
  106  9:07  Command Center  
  106  9:19  Supply Depot  
  106  9:25  Supply Depot, SCV  
  106  9:27  Supply Depot  
  107  9:37  SCV  
  108  9:43  Supply Depot  
  108  9:45  Supply Depot  
  108  9:46  Supply Depot  
  108  9:48  Supply Depot  
  108  9:50  Barracks Tech Lab  
  108  9:52  Planetary Fortress  
  108  9:53  Supply Depot  
  108  9:57  Supply Depot  
  108  10:01  Starport Tech Lab  
  108  10:03  Missile Turret  
  108  10:04  Medivac  
  110  10:10  Ghost Academy x2  
  110  10:14  Missile Turret  
  110  10:17  Missile Turret  
  110  10:20  SCV  
  110  10:21  Marine x2  
  113  10:30  Planetary Fortress  
  113  10:34  Sensor Tower  
  113  10:39  Supply Depot  
  113  10:42  Ghost, Marine x3  
  118  10:48  Siege Tank  
  118  10:49  Raven  
  123  10:53  Raven  
  119  10:59  SCV  
  119  11:00  SCV x2  
  119  11:02  Supply Depot  
  103  11:07  Marine x3  
  103  11:08  Marine x3  
  93  11:15  Marine x3  
  93  11:16  Marine x2  
  88  11:25  Marine x4  
  83  11:26  Marine x2  
  83  11:32  SCV x2  
  89  11:33  Marine x4  
  89  11:34  Terran Infantry Weapons Level 2  
  89  11:37  SCV  
  94  11:46  Personal Cloaking  
  94  11:47  Nuke  
  94  11:48  Missile Turret  
  94  11:49  Missile Turret, SCV  
  95  11:56  SCV x2  
  95  11:58  SCV  
  98  12:01  SCV  
  98  12:04  Missile Turret  
  98  12:08  SCV x2  
  100  12:09  Sensor Tower  
  100  12:10  SCV  
  100  12:11  Missile Turret, Marine x2  
  100  12:13  SCV  
  105  12:20  Terran Infantry Armor Level 2, SCV x2  
  105  12:22  SCV  
  108  12:24  Armory  
  108  12:25  SCV  
  108  12:26  Armory  
  109  12:32  Missile Turret, SCV, Marine  
  109  12:33  Marine x4  
  109  12:36  Missile Turret  
  115  12:37  Enhanced Shockwaves  
  106  12:51  Ghost, Marine  
  106  12:52  Ghost, Marine x4  
  106  12:54  Marine x2  
  106  12:56  Marine  
  100  13:08  Barracks Reactor  
  100  13:09  Marine  
  100  13:10  Marine x4  
  100  13:12  Marine x2  
  106  13:13  Marine  
  106  13:14  Supply Depot  
  106  13:17  Barracks Tech Lab  
  107  13:20  Command Center, Ghost  
  109  13:51  Ghost Academy, Terran Vehicle Weapons Level 1, Terran Vehicle And Ship Armor Level 1  
  109  13:53  Ghost Academy, Nuke  
  109  13:54  Ghost x3, Marine x5  
  120  13:57  Medivac  
  120  13:58  Raven  
  124  14:03  Marine  
  124  14:04  Marine x2  
  127  14:11  Medivac  
  127  14:12  Marine x3  
  130  14:19  Marine x2  
  130  14:20  Medivac  
  130  14:21  Marine x2  
  130  14:22  Ghost, Marine  
  130  14:23  Marine x2  
  141  14:24  Nuke  
  141  14:28  Refinery  
  141  14:29  Refinery, Marine  
  136  14:32  Marine  
  136  14:33  Marine  
  136  14:36  Marine  
  136  14:37  Marine  
  119  14:40  Ghost, Marine  
  119  14:41  Marine x3  
  125  14:47  Marine  
  125  14:50  Marine  
  125  14:51  Ghost  
  124  14:54  Marine  
  124  14:55  Marine  
  124  14:56  Marine  
  124  14:58  Ghost  
  125  15:09  Ghost  
  107  15:24  Ghost, Marine  
  107  15:25  Marine x5  
  107  15:27  Ghost, Marine  
  113  15:29  Marine  
  104  15:37  Ghost  
  104  15:42  Marine x2  
  100  15:43  Marine x4  
  100  15:45  Marine  
  100  15:47  Marine  
  100  15:49  Planetary Fortress  
  107  15:53  Ghost  
  107  15:54  Missile Turret  
  107  15:55  Ghost  
  111  15:58  Missile Turret  
  111  16:00  Marine x3  
  111  16:02  Missile Turret  
  111  16:03  Widow Mine  
  116  16:06  Ghost  
  116  16:09  Marine x2  
  119  16:12  SCV  
  119  16:15  Nuke  
  119  16:16  Nuke  
  110  16:21  Ghost  
  110  16:23  Marine x3  
  110  16:24  Ghost, Marine  
  117  16:26  Terran Vehicle Weapons Level 2  
  117  16:27  Marine x2  
  119  16:34  Ghost  
  119  16:37  Marine x2  
  119  16:38  Marine x2  
  112  16:41  Marine  
  111  16:50  Ghost  
  111  16:51  Marine x5  
  111  16:53  Ghost  
  114  17:01  Marine x3  
  114  17:02  Marine x2  
  114  17:03  Ghost  
  121  17:08  Marine  
  121  17:09  Marine  
  121  17:12  Marine x3  
  126  17:17  Nuke  
  126  17:18  Ghost  
  126  17:19  Marine x2  
  126  17:21  Ghost  
  132  17:23  SCV  
  132  17:25  Marine  
  132  17:26  Marine x2  
  132  17:27  Refinery  
  136  17:31  Ghost  
  136  17:34  Marine x3  
  136  17:35  SCV  
  142  17:37  Missile Turret  
  142  17:47  Ghost, Marine x5  
  142  17:48  Marine x2  
  142  17:50  Ghost  
  153  17:52  Marine  
  153  17:53  Nuke  
  153  17:57  Missile Turret  
  154  18:00  Medivac, Ghost  
  158  18:11  Marine x4  
  162  18:13  Marine x3  
  162  18:15  Ghost, Marine x3  
  162  18:18  Ghost  
  172  18:29  Marine x4  
  172  18:30  Marine  
  172  18:31  Marine x2  
  172  18:33  Marine x3  
Show
View Real Time Build Order
Export as new Build Order

DRSUESS Protoss - Winner!

Build Orders: Nexus First, Carriers 

Get SALT Encoding   

  12  0:05  Probe  
  13  0:18  Probe  
  14  0:25  Pylon  
  14  0:30  Probe  
  15  0:43  Probe  
  16  0:58  Nexus  
  16  1:01  Probe  
  17  1:14  Probe  
  18  1:19  Gateway  
  18  1:29  Probe (Chrono Boost)  
  18  1:31  Assimilator  
  20  1:40  Probe (Chrono Boost)  
  20  1:41  Pylon  
  20  1:44  Probe (Chrono Boost)  
  21  1:49  Assimilator  
  21  1:56  Probe  
  23  2:10  Probe (Chrono Boost)  
  23  2:11  Cybernetics Core  
  23  2:14  Probe (Chrono Boost)  
  25  2:24  Probe (Chrono Boost)  
  25  2:25  Probe (Chrono Boost)  
  25  2:29  Probe (Chrono Boost)  
  26  2:32  Probe  
  28  2:40  Probe  
  28  2:42  Nexus  
  29  2:51  Probe  
  30  2:52  Probe  
  30  2:58  Stargate  
  31  3:03  Pylon  
  31  3:04  Probe  
  32  3:21  Stargate  
  32  3:23  Probe  
  32  3:25  Probe (Chrono Boost)  
  34  3:33  Assimilator  
  34  3:36  Assimilator  
  34  3:37  Probe (Chrono Boost)  
  34  3:38  Probe (Chrono Boost)  
  36  3:47  Probe x2 (Chrono Boost)  
  38  3:50  Fleet Beacon  
  38  3:52  Probe (Chrono Boost)  
  38  3:53  Probe (Chrono Boost)  
  40  3:56  Probe  
  41  4:08  Probe  
  42  4:20  Probe  
  43  4:33  Probe x2  
  45  4:39  Pylon  
  45  4:45  Pylon  
  45  4:47  Probe x2  
  45  4:48  Pylon  
  26  4:59  Probe (Chrono Boost)  
  27  5:00  Probe (Chrono Boost)  
  27  5:09  Probe (Chrono Boost)  
  27  5:10  Probe (Chrono Boost)  
  27  5:12  Probe (Chrono Boost)  
  30  5:17  Probe (Chrono Boost)  
  30  5:18  Probe (Chrono Boost)  
  30  5:20  Probe (Chrono Boost)  
  33  5:27  Probe (Chrono Boost)  
  33  5:28  Probe x2 (Chrono Boost)  
  36  5:31  Carrier  
  36  5:34  Probe  
  43  5:37  Probe x2  
  45  5:51  Carrier  
  45  5:54  Probe (Chrono Boost)  
  53  5:57  Probe (Chrono Boost)  
  53  5:59  Probe (Chrono Boost)  
  55  6:04  Probe (Chrono Boost)  
  55  6:08  Probe x2 (Chrono Boost)  
  58  6:14  Probe (Chrono Boost)  
  58  6:16  Probe (Chrono Boost)  
  58  6:18  Probe (Chrono Boost)  
  60  6:22  Probe x2 (Chrono Boost)  
  60  6:24  Probe (Chrono Boost)  
  60  6:25  Assimilator  
  63  6:26  Protoss Air Weapons Level 1 (Chrono Boost)  
  63  6:27  Assimilator  
  63  6:31  Probe  
  63  6:32  Pylon, Probe  
  65  6:35  Stargate  
  65  6:36  Probe  
  65  6:37  Pylon  
  66  6:42  Pylon  
  66  6:43  Probe  
  66  6:44  Probe  
  68  6:48  Probe  
  68  6:50  Carrier  
  64  6:57  Probe  
  62  7:11  Probe (Chrono Boost)  
  62  7:12  Probe (Chrono Boost)  
  64  7:21  Carrier  
  64  7:22  Probe (Chrono Boost)  
  72  7:24  Probe (Chrono Boost)  
  72  7:26  Carrier  
  72  7:27  Probe (Chrono Boost)  
  79  7:35  Probe (Chrono Boost)  
  81  7:37  Probe (Chrono Boost)  
  81  7:43  Probe (Chrono Boost)  
  83  7:45  Probe (Chrono Boost)  
  83  7:46  Pylon  
  83  7:48  Pylon, Probe (Chrono Boost)  
  83  7:50  Probe x2 (Chrono Boost)  
  85  7:57  Probe  
  85  7:58  Carrier  
  93  8:04  Probe x2  
  95  8:09  Probe, Cybernetics Core  
  96  8:16  Probe x2  
  98  8:22  Protoss Air Weapons Level 2 (Chrono Boost)  
  98  8:31  Flux Vanes  
  98  8:33  Carrier  
  104  8:38  Pylon  
  104  8:40  Pylon  
  104  8:41  Pylon x2  
  104  8:44  Pylon  
  104  8:50  Probe  
  105  8:56  Carrier  
  105  8:58  Probe  
  105  8:59  Protoss Air Armor Level 1 (Chrono Boost)  
  105  9:02  Probe  
  113  9:06  Carrier  
  119  9:10  Probe  
  119  9:14  Probe  
  121  9:17  Stargate  
  121  9:20  Pylon  
  121  9:23  Probe  
  122  9:26  Probe  
  123  9:35  Probe  
  124  9:40  Carrier  
  130  9:46  Probe (Chrono Boost)  
  130  9:47  Nexus  
  131  9:53  Pylon  
  131  9:56  Probe (Chrono Boost)  
  131  9:59  Stargate  
  132  10:00  Probe (Chrono Boost)  
  132  10:01  Carrier  
  132  10:07  Pylon  
  139  10:08  Pylon  
  139  10:10  Pylon  
  139  10:12  Pylon, Probe  
  140  10:16  Carrier  
  146  10:24  Probe  
  146  10:25  Carrier  
  146  10:26  Probe  
  154  10:51  Probe  
  154  10:55  Protoss Air Weapons Level 3 (Chrono Boost)  
  155  11:03  Probe  
  156  11:05  Protoss Air Armor Level 2 (Chrono Boost)  
  156  11:15  Probe  
  157  11:28  Probe  
  158  11:37  Assimilator  
  158  11:40  Probe  
  158  11:41  Assimilator  
  159  12:01  Carrier x4  
  170  12:06  Carrier  
  145  13:05  Carrier  
  121  13:21  Carrier x4  
  145  14:18  Carrier  
  151  14:25  Carrier x2  
  121  15:02  Carrier x2  
  127  15:19  Probe  
  128  15:22  Carrier  
  134  15:31  Probe  
  135  15:40  Carrier x2  
  147  15:43  Probe, Nexus  
  148  16:06  Carrier  
  154  17:13  Probe  
  155  17:25  Probe  
  156  17:34  Carrier  
  156  17:35  Carrier x4  
  186  17:38  Probe  
  187  17:50  Probe  
Show
View Real Time Build Order
Export as new Build Order

RuffSecs Terran - Winner!

Build Orders:  

Get SALT Encoding   

  12  0:00  SCV  
  13  0:13  SCV  
  14  0:42  Command Center  
  14  0:50  SCV  
  15  1:08  Refinery  
  15  1:12  Supply Depot  
  15  1:34  SCV  
  15  1:37  Refinery  
  16  1:42  Barracks  
  16  1:46  SCV  
  17  1:55  SCV  
  17  1:58  SCV  
  19  2:07  SCV  
  20  2:10  SCV  
  21  2:19  SCV  
  21  2:22  SCV  
  23  2:31  SCV  
  23  2:34  SCV  
  25  2:43  Factory, SCV  
  26  2:46  SCV  
  27  2:56  SCV  
  28  2:58  Refinery  
  28  3:02  Refinery  
  28  3:05  SCV  
  29  3:08  SCV  
  30  3:17  SCV  
  31  3:20  SCV  
  32  3:29  Supply Depot  
  32  3:32  SCV  
  33  3:41  Starport  
  33  3:44  SCV  
  33  3:47  Starport  
  34  3:51  Factory Reactor  
  34  3:52  Supply Depot  
  34  3:56  SCV  
  34  3:57  SCV  
  36  4:06  Marine  
  36  4:08  SCV  
  36  4:09  SCV  
  39  4:16  Starport  
  39  4:18  Starport Reactor  
  39  4:20  SCV  
  40  4:24  Marine  
  40  4:29  Starport Reactor  
  41  4:32  Widow Mine x2, SCV  
  46  4:42  Marine  
  47  4:49  Supply Depot  
  47  4:53  Widow Mine x2  
  50  5:00  Marine  
  50  5:03  SCV  
  52  5:14  Starport Reactor, Widow Mine  
  52  5:15  Widow Mine  
  52  5:16  SCV  
  52  5:18  Marine  
  52  5:19  Supply Depot  
  58  5:32  Viking  
  58  5:33  Viking  
  62  5:41  Viking x2  
  66  5:43  Supply Depot  
  66  6:00  Viking x2  
  70  6:04  Viking x2  
  74  6:14  Viking x2  
  78  6:33  Supply Depot  
  78  6:34  Armory  
  78  6:44  Supply Depot  
  78  6:55  SCV, Viking  
  81  7:07  SCV  
  82  7:21  Viking x5  
  92  7:25  Viking  
  94  7:51  Supply Depot  
  94  7:57  Orbital Command  
  94  8:12  SCV, Viking x3  
  101  8:14  Supply Depot  
  101  8:24  SCV  
  102  8:37  SCV  
  103  8:46  Terran Ship Weapons Level 1  
  103  8:49  Supply Depot x2, SCV  
  103  8:50  Viking  
  103  8:51  Viking x2  
  110  9:10  SCV, Viking x3  
  110  9:12  Supply Depot  
  117  9:20  Viking  
  117  9:21  Viking x2  
  123  9:33  Widow Mine  
  123  9:34  Widow Mine  
  127  9:40  Viking x2  
  131  9:55  Widow Mine  
  133  10:00  Widow Mine  
  129  10:16  Widow Mine  
  131  10:24  Viking  
  133  10:34  Supply Depot  
  133  10:35  Supply Depot  
  133  10:48  Viking x3  
  133  10:56  Viking x3  
  114  11:18  Viking  
  82  11:40  Viking x5  
  92  11:48  Viking  
  94  12:00  Terran Ship Weapons Level 2  
  94  12:08  Supply Depot  
  94  12:10  Supply Depot, Viking x5  
  104  12:15  Supply Depot  
  104  12:18  Viking  
  106  12:40  Viking x5  
  72  13:54  Viking  
  72  13:55  Viking x5  
  74  14:10  Widow Mine x2  
  76  14:24  Viking  
  76  14:25  Viking x5  
  90  14:31  Widow Mine  
  90  14:32  Widow Mine  
  94  14:53  Widow Mine x2  
  94  14:54  Viking  
  94  14:55  Viking x2  
  102  15:11  Viking  
  102  15:12  Viking x2  
  110  15:14  Widow Mine  
  110  15:24  Viking  
  110  15:25  Viking x2  
  116  15:41  Viking  
  116  15:42  Viking  
  109  17:15  Viking x6  
  117  17:45  Viking x6  
  129  18:15  Viking x4  
Show
View Real Time Build Order
Export as new Build Order

Jamowamo Protoss 

Build Orders: Carriers 

Get SALT Encoding   

  12  0:02  Probe  
  13  0:21  Pylon  
  13  0:24  Pylon  
  13  0:43  Gateway  
  13  1:02  Assimilator  
  13  1:05  Probe  
  14  1:17  Probe  
  15  1:29  Probe  
  16  1:49  Cybernetics Core  
  16  2:00  Assimilator  
  16  2:01  Probe  
  17  2:10  Zealot  
  17  2:13  Probe  
  20  2:25  Probe  
  21  2:32  Pylon  
  21  2:37  Zealot  
  23  2:51  Stargate  
  23  2:58  Nexus  
  23  3:04  Zealot  
  25  3:31  Sentry, Pylon  
  27  3:34  Pylon  
  27  3:39  Void Ray  
  31  3:58  Sentry  
  31  4:01  Gateway  
  33  4:14  Probe  
  34  4:26  Zealot, Probe  
  37  4:38  Probe  
  38  4:50  Assimilator, Probe  
  39  4:53  Zealot  
  39  4:54  Void Ray  
  41  5:02  Probe  
  46  5:18  Sentry  
  48  5:25  Probe  
  49  5:37  Probe  
  50  5:45  Sentry  
  50  5:49  Probe, Robotics Facility  
  53  5:53  Stalker  
  55  5:58  Void Ray  
  59  6:15  Assimilator  
  59  6:18  Probe  
  59  6:23  Stalker  
  62  6:29  Zealot  
  62  6:30  Probe  
  65  6:42  Probe  
  66  6:54  Sentry  
  68  6:57  Zealot  
  70  7:18  Fleet Beacon  
  70  7:25  Pylon  
  70  7:28  Pylon  
  70  7:32  Pylon  
  70  7:43  Phoenix, Sentry  
  74  7:45  Pylon  
  74  7:52  Stalker  
  76  8:00  Probe  
  77  8:08  Phoenix  
  77  8:10  Sentry  
  77  8:12  Probe  
  82  8:17  Nexus  
  82  8:22  Stalker  
  84  8:33  Phoenix  
  86  8:41  Zealot  
  88  8:53  Sentry  
  90  8:58  Carrier  
  96  9:23  Stalker  
  98  9:26  Sentry  
  100  9:31  Probe  
  101  9:42  Assimilator  
  101  9:43  Probe  
  102  9:47  Assimilator  
  102  9:52  Sentry  
  104  9:53  Stalker  
  104  9:55  Probe  
  107  10:02  Carrier  
  113  10:07  Probe  
  113  10:08  Stargate  
  114  10:20  Probe  
  115  10:33  Probe  
  116  10:45  Probe  
  117  11:00  Pylon  
  117  11:04  Pylon  
  117  11:15  Pylon  
  117  11:18  Adept, Pylon, Probe  
  120  11:35  Probe  
  121  11:42  Carrier  
  121  11:43  Phoenix  
  129  11:47  Probe  
  129  11:48  Adept  
  134  11:54  Sentry  
  134  11:59  Probe  
  135  12:08  Phoenix  
  137  12:20  Sentry  
  139  12:33  Phoenix, Pylon  
  139  12:35  Pylon  
  141  12:39  Pylon  
  141  12:46  Carrier  
  141  12:47  Sentry  
  149  12:58  Phoenix  
  151  13:13  Sentry  
  153  13:23  Phoenix  
  155  13:29  Stalker  
  157  13:39  Sentry  
  159  13:47  Tempest  
  162  13:59  Stalker  
  164  14:07  Carrier  
  170  14:14  Sentry  
  172  14:23  Pylon  
  172  14:26  Pylon  
  172  14:29  Pylon  
  172  14:33  Pylon  
  172  14:41  Tempest  
  172  14:42  Sentry  
  179  15:11  Carrier  
  181  16:09  Sentry  
  183  16:12  Phoenix  
  183  16:17  Carrier  
  191  16:35  Sentry  
  191  16:37  Phoenix, Stargate  
  195  16:43  Sentry  
  197  17:02  Phoenix  
  177  17:27  Phoenix  
  169  17:39  Carrier  
  169  17:44  Carrier  
  181  17:50  Sentry  
  183  17:52  Phoenix  
  183  17:53  Sentry  
  187  18:03  Pylon  
  187  18:17  Sentry  
  187  18:19  Sentry  
Show
View Real Time Build Order
Export as new Build Order

Devour Zerg 

Build Orders: Pool First 

Get SALT Encoding   

  12  0:01  Drone  
  13  0:14  Drone  
  13  0:17  Overlord  
  14  0:35  Spawning Pool  
  13  0:38  Drone  
  14  0:46  Drone  
  15  0:53  Drone  
  15  0:55  Drone  
  17  1:01  Overlord  
  17  1:13  Drone  
  17  1:16  Extractor  
  17  1:26  Hatchery  
  17  1:28  Drone  
  17  1:34  Zergling x2  
  18  1:56  Drone x2  
  20  2:01  Queen  
  22  2:19  Drone x2  
  24  2:26  Extractor  
  23  2:37  Drone  
  24  2:40  Lair  
  24  2:43  Drone  
  25  2:46  Drone  
  25  2:47  Queen  
  28  2:59  Drone  
  28  3:02  Drone  
  28  3:03  Extractor  
  29  3:16  Overlord x3  
  29  3:19  Drone x3  
  32  3:36  Drone x2  
  32  3:38  Drone  
  32  3:39  Burrow  
  35  3:44  Drone  
  35  3:45  Drone  
  37  3:56  Spire, Drone  
  37  4:06  Drone x3  
  40  4:12  Spore Crawler  
  39  4:35  Drone x2  
  39  4:36  Drone x2  
  43  4:41  Drone x3  
  46  4:46  Extractor  
  46  4:47  Drone x3  
  46  4:50  Overlord  
  47  5:05  Drone  
  48  5:09  Mutalisk x3  
  54  5:19  Spore Crawler  
  54  5:21  Drone  
  54  5:24  Drone  
  54  5:25  Drone  
  54  5:26  Drone  
  57  5:38  Hatchery  
  56  5:47  Nydus Network  
  55  5:52  Spore Crawler  
  54  5:59  Corruptor x4  
  62  6:09  Mutalisk x2  
  66  6:13  Drone x2  
  68  6:27  Overlord x3  
  68  6:28  Overlord  
  68  6:45  Infestation Pit  
  67  6:58  Drone  
  68  7:03  Mutalisk x5  
  78  7:45  Corruptor x5  
  88  7:52  Extractor x2, Drone x3  
  89  7:59  Overlord x3  
  89  8:00  Overlord  
  89  8:02  Mutalisk  
  89  8:03  Mutalisk  
  93  8:13  Queen  
  95  8:21  Hive  
  95  9:16  Drone  
  95  9:17  Drone x3  
  99  9:35  Corruptor x6  
  99  9:36  Corruptor x6  
  123  9:40  Hatchery  
  120  10:23  Greater Spire  
  120  10:24  Corruptor x4  
  120  10:25  Corruptor x2  
  124  11:53  Corruptor x5  
  134  11:57  Brood Lord x2  
  134  11:59  Hatchery  
  137  12:02  Overlord x2  
  137  12:03  Overlord x3  
  137  12:05  Overlord  
  137  12:07  Drone  
  64  13:26  Corruptor  
  64  13:27  Corruptor x16  
  64  13:28  Corruptor x6  
  110  14:17  Extractor  
  110  14:20  Corruptor  
  110  14:21  Corruptor x7  
  110  14:24  Extractor  
  100  15:34  Brood Lord  
  100  15:35  Brood Lord x7  
  82  17:25  Corruptor  
  82  17:26  Corruptor x14  
  82  17:27  Corruptor x3  
Show
View Real Time Build Order
Export as new Build Order

lolidragon Terran 

Build Orders: Mech 

Get SALT Encoding   

  12  0:00  SCV  
  13  0:12  SCV  
  14  0:22  Supply Depot  
  14  0:30  SCV  
  15  0:43  SCV  
  16  0:55  SCV  
  17  1:08  SCV  
  18  1:20  SCV  
  19  1:28  Command Center  
  19  1:32  SCV  
  20  1:42  Command Center  
  20  1:45  SCV  
  21  1:59  Refinery  
  21  2:02  SCV  
  21  2:03  Refinery  
  22  2:12  Barracks  
  22  2:15  SCV  
  23  2:36  Supply Depot  
  23  2:39  SCV  
  23  2:43  SCV  
  25  2:51  SCV  
  25  2:55  SCV  
  27  3:03  SCV  
  28  3:06  Command Center  
  28  3:07  SCV  
  28  3:08  SCV  
  30  3:16  Orbital Command  
  30  3:20  SCV  
  30  3:24  SCV  
  32  3:33  SCV  
  33  3:36  SCV  
  34  3:42  Factory  
  35  3:48  SCV  
  35  3:49  SCV  
  35  3:55  Refinery  
  36  3:57  SCV  
  36  4:00  SCV  
  36  4:01  SCV  
  35  4:09  Engineering Bay  
  35  4:10  SCV  
  35  4:13  SCV  
  37  4:20  Orbital Command  
  36  4:25  SCV  
  36  4:26  Orbital Command  
  37  4:37  SCV  
  37  4:38  Supply Depot  
  38  4:45  SCV  
  38  4:49  SCV  
  40  4:53  SCV  
  40  4:58  SCV  
  42  5:00  SCV  
  42  5:01  SCV  
  42  5:04  Refinery  
  42  5:05  Refinery, SCV  
  45  5:07  Refinery  
  45  5:10  SCV  
  45  5:12  SCV  
  45  5:13  SCV  
  48  5:14  Missile Turret  
  48  5:17  SCV  
  49  5:22  SCV  
  49  5:23  Hi-Sec Auto Tracking  
  49  5:25  SCV x2  
  49  5:26  Factory Tech Lab  
  52  5:29  SCV  
  52  5:32  Factory  
  52  5:34  SCV  
  52  5:35  Missile Turret  
  54  5:37  SCV  
  54  5:38  SCV  
  54  5:41  SCV  
  57  5:46  SCV  
  57  5:49  SCV  
  55  5:50  SCV  
  55  5:52  Armory  
  55  5:53  SCV  
  55  5:58  SCV  
  55  6:01  Missile Turret, SCV  
  55  6:02  SCV  
  58  6:05  SCV  
  58  6:10  SCV  
  60  6:13  SCV  
  60  6:14  SCV  
  60  6:16  Factory  
  60  6:17  SCV  
  63  6:19  Refinery  
  63  6:21  Neosteel Armor, Missile Turret  
  63  6:22  Factory Tech Lab, SCV  
  63  6:24  Siege Tank  
  67  6:26  SCV  
  68  6:34  SCV  
  68  6:38  Orbital Command  
  68  6:39  Armory  
  69  6:42  Terran Vehicle Weapons Level 1  
  69  6:46  SCV  
  70  6:59  SCV  
  71  7:02  Starport  
  71  7:03  Factory, SCV  
  72  7:10  Refinery  
  60  7:15  Thor, SCV  
  60  7:16  Thor  
  60  7:17  Factory Tech Lab  
  60  7:22  Missile Turret  
  66  7:26  SCV  
  66  7:28  SCV x2  
  66  7:29  Supply Depot  
  69  7:38  SCV  
  69  7:40  SCV x2  
  69  7:44  Missile Turret  
  72  7:46  Missile Turret  
  72  7:50  SCV  
  73  7:51  SCV  
  73  7:52  SCV x2  
  73  7:56  Supply Depot  
  76  7:58  Thor x2  
  76  8:02  SCV  
  76  8:03  SCV  
  76  8:04  SCV  
  91  8:06  Starport Tech Lab  
  91  8:07  Missile Turret, Factory Tech Lab  
  91  8:09  Missile Turret  
  91  8:14  SCV  
  91  8:17  Thor  
  91  8:18  Supply Depot, SCV x2  
  100  8:20  Supply Depot  
  100  8:25  Terran Vehicle And Ship Armor Level 1  
  100  8:27  Missile Turret  
  100  8:30  Missile Turret  
  100  8:32  SCV x3  
  102  8:39  Missile Turret  
  102  8:40  Supply Depot  
  96  8:41  Thor x2  
  96  8:42  Supply Depot  
  96  8:44  SCV  
  96  8:46  Missile Turret  
  109  8:49  Missile Turret, SCV  
  109  8:50  Missile Turret  
  109  8:51  SCV  
  111  9:00  Thor, Missile Turret, SCV  
  111  9:02  SCV  
  119  9:03  SCV  
  119  9:04  Supply Depot  
  119  9:05  Supply Depot  
  119  9:07  Missile Turret  
  119  9:08  Missile Turret x2  
  120  9:12  SCV  
  120  9:14  SCV  
  120  9:15  SCV  
  123  9:21  Missile Turret  
  123  9:24  SCV  
  123  9:26  Thor, Supply Depot, SCV  
  123  9:27  Thor, SCV  
  123  9:28  Supply Depot  
  123  9:29  Missile Turret  
  123  9:30  Missile Turret  
  123  9:31  Missile Turret  
  138  9:33  Siege Tank  
  138  9:36  SCV  
  138  9:38  SCV  
  143  9:48  SCV  
  143  9:51  Missile Turret  
  144  9:52  Missile Turret  
  144  9:53  Missile Turret, Command Center  
  144  10:01  SCV  
  144  10:05  Siege Tank  
  138  10:09  Thor x2  
  138  10:10  Thor  
  155  10:25  Terran Vehicle Weapons Level 2  
  155  10:26  Terran Vehicle And Ship Armor Level 2  
  155  10:37  Thor  
  155  10:42  Missile Turret  
  161  10:52  Thor x2  
  161  10:53  Thor  
  179  11:00  Missile Turret  
  178  11:20  Thor  
  178  11:22  Orbital Command  
  179  11:35  Thor  
  179  11:36  Thor x2  
  178  12:08  Thor  
  169  12:19  Thor  
  109  12:58  Thor x3  
  109  13:01  Thor  
  109  13:26  Command Center  
  109  13:41  Thor  
  109  13:47  Thor x2  
  126  13:49  Thor  
  132  13:58  Command Center  
  90  14:44  Thor x3  
  108  15:34  Planetary Fortress  
  108  15:42  SCV  
  109  15:50  Refinery  
  109  15:54  SCV  
  109  15:55  Refinery  
  110  16:06  SCV  
  110  16:15  Thor x3, Factory Tech Lab  
  110  16:18  SCV  
  109  17:00  Command Center  
Show
View Real Time Build Order
Export as new Build Order

TheloneyPony Zerg 

Build Orders: Hatch First 

Get SALT Encoding   

  12  0:01  Drone  
  13  0:08  Drone  
  14  0:43  Overlord  
  14  0:45  Hatchery, Drone  
  14  0:58  Extractor  
  14  0:59  Drone  
  14  1:10  Drone x2  
  16  1:14  Spawning Pool  
  16  1:18  Drone  
  16  1:37  Drone  
  16  1:38  Drone  
  18  1:50  Drone  
  19  2:01  Queen  
  19  2:02  Metabolic Boost  
  19  2:05  Queen  
  19  2:07  Drone  
  24  2:08  Drone  
  25  2:22  Overlord, Drone  
  26  2:34  Zergling x4  
  26  2:36  Overlord  
  28  2:44  Zergling x4  
  28  2:45  Zergling x2  
  31  2:52  Zergling x2  
  31  2:56  Zergling x2  
  33  3:02  Zergling x2  
  34  3:05  Zergling x2  
  34  3:09  Zergling x4  
  34  3:10  Zergling x2  
  38  3:14  Zergling x2  
  38  3:15  Zergling x6  
  38  3:17  Drone  
  43  3:20  Pneumatized Carapace  
  43  3:32  Drone  
  43  3:34  Overlord  
  43  4:37  Drone  
  43  4:38  Drone x7  
  47  4:47  Drone  
  47  4:48  Drone  
  45  4:59  Hatchery  
  41  5:01  Hatchery  
  41  5:06  Spore Crawler  
  35  5:07  Spore Crawler  
  35  5:09  Lair  
  35  5:10  Spore Crawler  
  35  5:12  Spore Crawler  
  32  5:16  Drone x4  
  32  5:17  Drone  
  32  5:20  Extractor  
  36  5:22  Extractor  
  35  5:29  Zergling x2  
  35  5:30  Zergling x4  
  38  5:37  Extractor  
  38  5:40  Drone  
  38  5:41  Drone  
  39  5:43  Evolution Chamber x2  
  37  5:57  Zergling x8  
  37  5:58  Zergling x4  
  43  6:12  Hydralisk Den  
  43  6:13  Zerg Missile Weapons Level 1  
  43  6:14  Zerg Ground Armor Level 1  
  43  6:18  Drone  
  43  6:19  Drone x7  
  50  6:28  Drone x4  
  50  6:31  Drone x3  
  57  6:42  Hydralisk x3  
  57  7:06  Hydralisk x3  
  57  7:07  Hydralisk  
  64  7:08  Overlord  
  64  7:09  Overlord x4  
  64  7:10  Overlord x2  
  64  7:13  Extractor  
  64  7:14  Extractor  
  60  7:19  Muscular Augments  
  60  7:22  Queen  
  60  7:25  Queen  
  60  7:29  Drone  
  65  7:30  Drone x2  
  65  7:31  Spore Crawler  
  66  7:41  Drone x7  
  66  7:43  Drone  
  74  7:50  Drone x2  
  74  7:51  Drone  
  77  8:01  Drone x3  
  80  8:10  Hydralisk x3  
  80  8:11  Hydralisk, Spore Crawler x2  
  86  8:16  Zerg Missile Weapons Level 2  
  86  8:30  Grooved Spines  
  86  8:36  Hydralisk x7  
  86  8:40  Overlord x3  
  100  8:53  Extractor, Drone x6  
  100  8:54  Drone x3  
  100  8:55  Extractor  
  107  9:02  Zerg Ground Armor Level 2  
  107  9:09  Infestation Pit  
  106  9:12  Hydralisk x2  
  110  9:25  Hydralisk x2  
  110  9:26  Hydralisk x2  
  118  9:33  Baneling Nest  
  117  9:38  Zergling x2  
  117  9:39  Zergling x20  
  128  9:46  Hive  
  128  9:48  Drone  
  129  9:53  Overseer x2  
  129  10:18  Hydralisk x3  
  129  10:20  Overlord x2  
  129  10:21  Overlord x10  
  127  10:38  Overlord, Hydralisk x5  
  127  10:39  Hydralisk  
  139  10:43  Centrifical Hooks  
  139  11:02  Hydralisk  
  139  11:03  Hydralisk x7  
  154  11:07  Zergling x6  
  152  11:14  Zerg Missile Weapons Level 3  
  153  11:18  Drone x3  
  153  11:19  Drone x2  
  155  11:30  Overseer x3  
  151  11:38  Zergling x4, Drone  
  151  11:39  Zergling x18  
  163  11:56  Zerg Ground Armor Level 3  
  163  12:03  Baneling x4  
  163  12:04  Baneling x2  
  163  12:24  Hydralisk x13  
  189  12:31  Hatchery  
  175  12:56  Hydralisk  
  175  12:57  Hydralisk x11  
  175  12:58  Hydralisk x3  
  164  13:10  Hydralisk  
  164  13:11  Hydralisk x5  
  122  13:42  Hydralisk x11  
  126  13:54  Hydralisk x2  
  126  13:55  Hydralisk x2  
  130  14:06  Zerg Melee Weapons Level 1  
  130  14:09  Hydralisk  
  130  14:10  Hydralisk x4  
  96  15:03  Overseer x2  
  92  15:10  Hatchery  
  92  15:12  Hatchery  
  72  15:26  Hydralisk  
  72  15:27  Hydralisk x12  
  94  15:37  Hatchery  
  91  15:43  Queen  
  91  15:48  Queen  
  95  15:52  Hydralisk  
  95  15:53  Hydralisk  
  99  15:59  Zergling x2  
  99  16:00  Zergling x4  
  98  16:21  Hydralisk x4  
  106  16:26  Drone  
  106  16:27  Drone x2  
  102  16:48  Drone  
  102  16:49  Drone x10  
  94  17:08  Hydralisk  
  94  17:09  Hydralisk x5  
  94  17:10  Drone x2  
  108  17:17  Drone x2  
  108  17:18  Drone x3  
  113  17:28  Hydralisk  
  113  17:29  Hydralisk x2  
  118  17:34  Overseer  
  118  17:35  Overseer  
Tags
 
Add a new tag
Caveats
  • Supply blocks, unpowered buildings, or Contaminate may cause inaccurate times.
  • Supply counts are checked every 10 seconds.